 Seeded DCSS version 0.30.1-4-g462c640d31 (webtiles) character file.

Game seed: 10032979913969842920 (custom seed)

1354 Cheops the Jinx (level 8, -1/41 HPs)
             Began as a Deep Elf Conjurer on Aug 26, 2023.
             Was a Follower of Vehumet.
             Slain by a yak (7 damage)
             ... on level 7 of the Dungeon.
             The game lasted 00:14:06 (9180 turns).

Cheops the Jinx (Deep Elf Conjurer)                 Turns: 9180, Time: 00:14:06

Health: -1/41      AC:  7    Str:  4    XL:     8   Next: 37%
Magic:  10/18      EV: 12    Int: 38    God:    Vehumet [*.....]
Gold:   509        SH:  0    Dex: 13    Spells: 1/18 levels left

rFire   . . .        J - +2 flail (holy)
rCold   . . .        (no shield)
rNeg    . . .        y - +2 robe {Will+}
rPois   .            t - +1 helmet
rElec   .            G - scarf {repulsion}
rCorr   .            (no gloves)
SInv    .            B - +0 pair of boots
Will    +....        (no amulet)
Stlth   ++           d - +6 ring of intelligence
HPRegen 0.26/turn    D - +6 ring of intelligence
MPRegen 0.16/turn

%: repel missiles
@: no status effects
A: no striking features
a: Renounce Religion


You were on level 7 of the Dungeon.
You worshipped Vehumet.
Vehumet was aware of your devotion.
You visited 2 branches of the dungeon, and saw 8 of its levels.

You collected 509 gold pieces.

Inventory:

Hand Weapons
 h - a +0 dagger
 J - a +2 flail of holy wrath (weapon)
Armour
 g - the +0 robe of Golden Intercession {SInv}
   (You found it on level 2 of the Dungeon)

   SInv:      It lets you see invisible.
 t - a +1 helmet (worn)
 y - a +2 robe of willpower (worn)
 B - a +0 pair of boots (worn)
 G - a scarf of repulsion (worn)
Jewellery
 d - a +6 ring of intelligence (left hand)
 D - a +6 ring of intelligence (right hand)
Wands
 n - a wand of digging (3)
 w - a wand of iceblast (13)
 x - a wand of mindburst (9)
Scrolls
 a - a scroll of fog {unknown}
 c - a scroll of vulnerability {unknown}
 f - 5 scrolls of noise {unknown}
 j - a scroll of torment {unknown}
 k - a scroll of butterflies {unknown}
 m - a scroll of silence {unknown}
 o - a scroll of enchant armour
 p - 4 scrolls of magic mapping {unknown}
 q - 5 scrolls of teleportation {unknown}
 u - 2 scrolls of immolation {unknown}
 C - 2 scrolls of fear
 E - a scroll of amnesia
 H - 3 scrolls of brand weapon {unknown}
Potions
 b - 2 potions of magic
 e - 3 potions of heal wounds {unknown}
 i - 4 potions of attraction {unknown}
 l - 5 potions of curing {unknown}
 r - a potion of resistance {unknown}
 s - 3 potions of lignification {unknown}
 v - 2 potions of invisibility {unknown}
 z - a potion of brilliance
 A - a potion of cancellation
 F - a potion of haste
 I - 2 potions of degeneration {unknown}


   Skills:
 - Level 2.4 Dodging
 - Level 2.4 Stealth
 + Level 5.7 Spellcasting
 - Level 7.0 Conjurations
 - Level 9.0 Hexes
 - Level 4.0 Translocations
 * Level 1.5 Air Magic


You had one spell level left.
You knew the following spells:

 Your Spells              Type           Power      Damage    Failure   Level
a - Magic Dart            Conj           100%       1d8       1%          1
b - Searing Ray           Conj           100%       2d8       1%          2
d - Dazzling Flash        Conj/Hex       100%       N/A       1%          3
i - Iskenderun's Mystic   Conj/Tloc      51%        2d11      3%          4
p - Fulminant Prism       Conj/Hex       32%        3d15      1%          4
S - Swiftness             Air            22%        N/A       4%          3

Your spell library contained the following spells:

 Spells                   Type           Power      Damage    Failure   Level
 Sandblast                Erth           20%        2d7       3%          1
 Kiss of Death            Conj/Necr      100%       2d13      1%          1
 Beastly Appendage        Tmut           20%        N/A       3%          1
 Ensorcelled Hibernation  Hex/Ice        90%        N/A       1%          2
 Confusing Touch          Hex            68%        N/A       1%          3
 Passwall                 Tmut/Erth      8%         N/A       4%          2
 Sublimation of Blood     Necr           10%        N/A       4%          2
 Metabolic Englaciation   Hex/Ice        22%        N/A       14%         5
 Irradiate                Conj/Tmut      18%        3d17      21%         5
 Dispel Undead            Necr           10%        3d9       30%         4
 Petrify                  Tmut/Erth      10%        N/A       30%         4
 Alistair's Intoxication  Tmut/Pois      6%         N/A       65%         5
 Borgnjor's Vile Clutch   Necr/Erth      5%         N/A       65%         5
 Eringya's Noxious Bog    Tmut/Pois      5%         N/A       99%         6
 Statue Form              Tmut/Erth      6%         N/A       99%         6
 Haunt                    Necr/Summ      5%         N/A       100%        7


Dungeon Overview and Level Annotations

Branches:
Dungeon (7/15)             Temple (1/1) D:5

Altars:
Ashenzari
Cheibriados
Dithmenos
Gozag
Hepliaklqana
Makhleb
Okawaru
Qazlal
Ru
Trog
Uskayaw
Vehumet
Wu Jian
Yredelemnul
Zin

Annotations:
D:6 3 runed translucent doors, bairyn's ghost, novice SpRe


Message History

The searing ray misses the yak.
The searing ray hits the yak!
The yak is moderately wounded.
The yak closely misses you.
The searing ray hits the yak.
The yak is heavily wounded.
The searing ray hits the yak!
The yak is heavily wounded.
The searing ray hits the yak.
The yak is lightly wounded.
The yak gores you!
The searing ray hits the yak but does no damage.
The yak is heavily wounded.
The searing ray hits the yak.
The yak is lightly wounded.
You finish channelling your searing ray.
The yak gores you but does no damage. The yak gores you.
Casting: Searing Ray (safe; 1% risk of failure)
Confirm with . or Enter, or press ? or * to list all spells.
Aiming: Searing Ray (safe; 1% risk of failure)
Press: ? - help, Shift-Dir - straight line, f/p - yak
Aim: a yak (heavily wounded, 90% to hit)
The searing ray hits the yak!
The yak is severely wounded.
The searing ray hits the yak.
The yak is moderately wounded. (Press . to maintain the ray.)
The yak gores you!
* * * LOW HITPOINT WARNING * * *
The yak barely misses you.
The searing ray misses the yak. x2; The yak gores you!
* * * LOW HITPOINT WARNING * * *
The yak gores you but does no damage.
The searing ray hits the yak.
The yak is almost dead.
The searing ray hits the yak but does no damage.
The yak is moderately wounded.
The yak gores you.
* * * LOW HITPOINT WARNING * * *
The yak gores you!
You die...

............# #...#
#..## #. ###.........#
#.#.# #.# #. #......)..#
#...# #.# #. +....<..[##
##..#####.# ##
+....)...## #...##....
#.........# #...#...#
###.......<.# ##...#..Y
............# ###Y...#.#
##..........###.@YY..'.#
................##...#.#
###..........###
#...#..# ##........##
#...#...# #####..###
###.##.... #..# #.#
###.# ###.>## #.. .#
#.....## ##.# # #.###..#


You could see 3 yaks.

Vanquished Creatures
  A yak (D:7)
  An ice beast (D:7)
  A black bear (D:6)
  A kobold brigand (D:6)
  2 bullfrogs (D:6)
  A wight (D:7)
  A scorpion (D:7)
  3 jellies
  A howler monkey (D:5)
  2 hounds
  5 orc priests
  2 iguanas (D:5)
  3 orc wizards
  2 sleepcaps
  9 adders
  2 shadow imps
  3 worms
  2 dart slugs (D:1)
  11 orcs
  6 endoplasms
  5 giant cockroaches
  5 goblins
  11 hobgoblins
  9 quokkas
  3 ball pythons (D:1)
  3 bats
  A frilled lizard (D:3)
  6 kobolds
  4 rats
106 creatures vanquished.

Vanquished Creatures (others)
  2 fulminant prisms (D:7)
2 creatures vanquished.

Grand Total: 108 creatures vanquished

Notes
Turn   | Place    | Note
-------+----------+-------------------------------------------
     0 | D:1      | Cheops the Deep Elf Conjurer began the quest for the Orb.
     0 | D:1      | Reached XP level 1. HP: 10/10 MP: 6/6
   111 | D:1      | Reached XP level 2. HP: 15/15 MP: 5/8
   217 | D:1      | You fall into a shaft and drop 1 floor!
   416 | D:2      | Reached skill level 5 in Conjurations
   438 | D:2      | Identified the +0 robe of Golden Intercession {SInv}
   522 | D:2      | Reached XP level 3. HP: 19/19 MP: 4/10
  1168 | D:3      | Reached skill level 5 in Spellcasting
  1171 | D:3      | Learned a level 2 spell: Searing Ray
  1175 | D:3      | Learned a level 3 spell: Dazzling Flash
  1370 | D:3      | Reached skill level 2 in Hexes
  1370 | D:3      | Reached XP level 4. HP: 24/24 MP: 7/13
  1690 | D:3      | Reached skill level 3 in Hexes
  1856 | D:3      | Learned a level 4 spell: Fulminant Prism
  2391 | D:4      | Reached skill level 4 in Hexes
  2391 | D:4      | Reached XP level 5. HP: 28/28 MP: 7/14
  2396 | D:4      | Learned a level 4 spell: Iskenderun's Mystic Blast
  2715 | D:5      | Entered Level 5 of the Dungeon
  2856 | D:5      | Found a stormy altar of Qazlal.
  2945 | D:5      | Reached skill level 5 in Hexes
  3008 | D:5      | Reached skill level 6 in Hexes
  3008 | D:5      | Reached XP level 6. HP: 32/32 MP: 7/15
  3103 | D:5      | Reached skill level 7 in Hexes
  3349 | D:5      | Reached skill level 8 in Hexes
  3545 | D:5      | Found a staircase to the Ecumenical Temple.
  3798 | Temple   | Entered the Ecumenical Temple
  3859 | Temple   | Became a worshipper of Vehumet
  4706 | D:1      | Reached XP level 7. HP: 36/36 MP: 12/16
  7345 | D:5      | Found a staircase to the Ecumenical Temple.
  7599 | D:5      | Found a stormy altar of Qazlal.
  8056 | D:6      | Reached skill level 1 in Translocations
  8205 | D:6      | Reached skill level 9 in Hexes
  8348 | D:6      | Got Kotisk's Discursus on Horrible Changes
  8653 | D:6      | Found a runed translucent gate.
  8653 | D:6      | Found a runed translucent gate.
  8654 | D:6      | Found a runed translucent gate.
  8656 | D:6      | Noticed bairyn's ghost (novice SpRe)
  8917 | D:7      | Reached XP level 8. HP: 41/41 MP: 13/17
  8998 | D:7      | Learned a level 3 spell: Swiftness
  9141 | D:7      | Reached * piety under Vehumet
  9141 | D:7      | Offered knowledge of Sandblast by Vehumet.
  9142 | D:7      | Reached skill level 1 in Air Magic
  9180 | D:7      | Slain by a yak

Illustrated notes

Levels and vault maps discovered:
D:1:      shiori_arrival_oz, layout_loops_ring, minmay_octomino_e4
D:2:      layout_basic
D:3:      layout_loops_ring, kennysheep_cluttered_room
D:4:      layout_basic
D:5:      nicolae_cairo_tiling_large, layout_loops_ring,
          overflow_temple_1_default, minmay_temple_entry_mini_moons,
          kennysheep_generic_room_5
D:6:      layout_rooms, gammafunk_ghost_necromancy
D:7:      minmay_the_grid_plus_closed [minmay_the_grid_zigzag_pyramid,
          minmay_the_grid_dragon_a, minmay_the_grid_minigrid_small_alt,
          minmay_the_grid_odd_star,
          minmay_the_grid_prize_four_corners_diamond_b], layout_rooms,
          general_overflow_altar, nicolae_elyvilon_temple_path, uniq_duvessa
Temple:   zaba_magenta_temple

Skill      XL: |  1  2  3  4  5  6  7  8 |
---------------+-------------------------+-----
Conjurations   | 5 7 |  7.0
Spellcasting   | 4 5 |  5.7
Hexes          | 2 4 6 8 9 |  9.0
Translocations | 4 |  4.0
Air Magic      | 1 |  1.5
Dodging        | |  2.4
Stealth        | |  2.4

Action                     |  1- 3 |  4- 6 |  7- 9 || total
---------------------------+-------+-------+-------++-------
   Cast: Magic Dart        |    61 |    76 |    14 ||   151
         Searing Ray       |       |    13 |    19 ||    32
         Iskenderun's Myst |       |       |     3 ||     3
         Fulminant Prism   |       |       |     2 ||     2
    Use: Scroll            |       |       |     6 ||     6
 Armour: Robe              |       |     4 |     6 ||    10
  Dodge: Dodged            |     2 |    10 |     6 ||    18
